 Dungeon Crawl Stone Soup version 0.23-a0-275-g0cf4261 (webtiles) character file.

3712 HoaS the Grappler (level 10, -21/97 HPs)
             Began as a Gargoyle Berserker on Oct 2, 2018.
             Was a High Priest of Trog.
             Demolished by an orc warrior
             ... wielding a +0 battleaxe
              (26 damage)
             ... on level 9 of the Dungeon.
             The game lasted 00:21:35 (6980 turns).

HoaS the Grappler (Gargoyle Berserker)              Turns: 6980, Time: 00:21:35

Health: -21/97     AC: 22    Str: 28    XL:     10   Next: 14%
Magic:  10/10      EV:  9    Int:  9    God:    Trog [*****.]
Gold:   412        SH:  0    Dex:  9    Spells: 9/9 levels left

rFire    . . .     SeeInvis .     - Unarmed
rCold    . . .     Gourm    .   (no shield)
rNeg     + + .     Faith    .   u - +0 chain mail
rPois    ∞         Spirit   .   t - +2 helmet
rElec    +         Reflect  .   H - +0 cloak
rCorr    +         Harm     .   (no gloves)
MR       .....                  (no boots)
Stlth    ..........             s - amulet of magic regeneration
HPRegen  0.26/turn              k - ring of resist corrosion
MPRegen  0.37/turn              y - ring of positive energy

@: berserking, very quick
A: negative energy resistance 1, electricity resistance, unbreathing,
petrification resistance, rot immunity, AC +7
a: Berserk, Trog's Hand, Brothers in Arms, Renounce Religion


You were on level 9 of the Dungeon.
You worshipped Trog.
Trog was extremely pleased with you.
You were very hungry.

You visited 1 branch of the dungeon, and saw 9 of its levels.

You collected 412 gold pieces.

Inventory:

Armour
 e - a scarf of resistance
 t - a +2 helmet (worn)
 u - a +0 chain mail (worn)
 C - a scarf of spirit shield
 H - a +0 cloak (worn)
Jewellery
 a - an uncursed ring of ice
 f - an uncursed ring of wizardry
 k - a ring of resist corrosion (left hand)
 n - an uncursed ring of protection from cold
 p - an uncursed ring of magical power
 s - an amulet of magic regeneration (around neck)
 y - a ring of positive energy (right hand)
Wands
 g - a wand of acid (5)
 i - a wand of polymorph (23)
 m - a wand of enslavement (7)
 w - a wand of scattershot (2)
 E - a wand of iceblast (4)
Scrolls
 r - a scroll of magic mapping
 v - 3 scrolls of teleportation
 x - 3 scrolls of fear
 F - a scroll of brand weapon {unknown}
Potions
 c - 3 potions of flight {unknown}
 d - a potion of heal wounds {unknown}
 h - 8 potions of curing
 j - a potion of ambrosia {unknown}
 l - 4 potions of agility
 o - 2 potions of lignification {unknown}
 q - a potion of degeneration {unknown}
 z - a potion of haste {unknown}
 A - a potion of resistance {unknown}
 B - a potion of brilliance {unknown}
 D - 2 potions of mutation {unknown}
Comestibles
 b - 11 rations
 G - 18 chunks of flesh


   Skills:
 + Level 8.5 Fighting
 + Level 8.1 Armour
 - Level 1.5 Dodging
 * Level 10.5 Unarmed Combat


You had 9 spell levels left.
You didn't know any spells.
Your spell library was empty.

Dungeon Overview and Level Annotations

Branches:
Dungeon (9/15)             Temple (0/1) D:7            Lair (0/6) D:8
    Orc: D:9-12

Altars:
Ashenzari
Cheibriados
Dithmenos
Elyvilon
Hepliaklqana
Makhleb
Nemelex Xobeh
Ru
Trog
Vehumet


Innate Abilities, Weirdness & Mutations

You are resistant to torment.
Your stone body is resilient. (AC +7)
You are immune to poison.
You resist negative energy. (rN+)
You are resistant to electric shocks. (rElec)
You can survive without breathing.
You are immune to petrification.
You are immune to rotting.


Message History

* * * LOW HITPOINT WARNING * * *
You hit the orc warrior but do no damage.
You punch the orc warrior, but do no damage.
The orc warrior is severely wounded.
The orc warrior barely misses you.
Your chain mail prevents you from hitting the orc warrior.
The orc warrior is severely wounded.
The orc warrior hits you with a battleaxe!
* * * LOW HITPOINT WARNING * * *
A red film seems to cover your vision as you go berserk!
You feel yourself moving faster!
You feel mighty!
You are feeling very hungry.
The orc warrior barely misses you.
You closely miss the orc warrior.
The orc warrior is severely wounded.
The orc warrior closely misses you.
You barely miss the orc warrior.
The orc warrior is severely wounded.
The orc warrior hits you with a battleaxe!!
You die...

...............#
...............####
...................
#########..########
#..# #..#
...###########..#####
>.....(()).(((.(......
#######@##############
#o# #o.......
......... ..........
...........
............
...........>.
..............


You could see an orc warrior (berserk) and an orc.

Vanquished Creatures
  A two-headed ogre (D:8)
  Maurice (D:8)
  A hornet (D:6)
  A wyvern (D:8)
  A hungry ghost (D:8)
  Edmund (D:6)
  A water moccasin (D:8)
  An orc warrior (D:7)
  A phantom (D:4)
  3 ogres
  3 centaurs
  2 bullfrogs
  A scorpion (D:4)
  3 killer bees (D:8)
  A howler monkey (D:5)
  4 crimson imps
  A jelly (D:9)
  2 orc priests
  6 hounds
  An iguana (D:8)
  Jessica (D:2)
  Natasha (thrice) (D:2)
  5 orc wizards
  5 worker ants
  A hound zombie (D:6)
  Robin (D:2)
  8 adders
  2 shadow imps (D:6)
  An ooze (D:1)
  2 adder skeletons
  2 adder zombies
  3 worms
  5 dart slugs
  4 leopard geckos
  24 orcs
  2 ball pythons (D:5)
  11 bats
  7 giant cockroaches
  18 goblins
  5 hobgoblins
  9 jackals
  4 quokkas
  9 frilled lizards
  2 kobolds
  A quokka skeleton (D:4)
  7 rats
178 creatures vanquished.

Notes
Turn   | Place    | Note
-------+----------+-------------------------------------------
     0 | D:1      | HoaS the Gargoyle Berserker began the quest for the Orb.
     0 | D:1      | Reached XP level 1. HP: 14/14 MP: 1/1
   157 | D:1      | Reached XP level 2. HP: 19/19 MP: 2/2
   199 | D:1      | Found a sparkling altar of Nemelex Xobeh.
   399 | D:1      | Reached XP level 3. HP: 21/23 MP: 3/3
   855 | D:2      | Reached ** piety under Trog
   874 | D:2      | Reached skill level 4 in Unarmed Combat
   942 | D:2      | Found a shattered altar of Ashenzari.
   945 | D:2      | Reached XP level 4. HP: 15/29 MP: 4/4
  1268 | D:2      | Found a snail-covered altar of Cheibriados.
  1347 | D:2      | Noticed Jessica
  1373 | D:2      | Killed Jessica
  1408 | D:2      | Found a hazy altar of Hepliaklqana.
  1408 | D:2      | Noticed Robin
  1439 | D:2      | Killed Robin
  1459 | D:2      | Reached XP level 5. HP: 26/33 MP: 5/5
  1484 | D:2      | Found a bloodstained altar of Trog.
  1650 | D:2      | Found a sparkling altar of Nemelex Xobeh.
  2201 | D:3      | Reached *** piety under Trog
  2333 | D:3      | Noticed Natasha
  2349 | D:2      | Killed Natasha
  2447 | D:3      | Reached skill level 5 in Unarmed Combat
  2454 | D:2      | Noticed Natasha
  2464 | D:2      | Killed Natasha
  2464 | D:2      | Reached XP level 6. HP: 29/39 MP: 6/6
  2484 | D:2      | Noticed Natasha
  2499 | D:2      | Killed Natasha
  2917 | D:4      | Found a sacrificial altar of Ru.
  3012 | D:4      | Reached skill level 5 in Fighting
  3046 | D:4      | Noticed a phantom
  3056 | D:4      | Reached XP level 7. HP: 43/44 MP: 7/7
  3082 | D:4      | Reached skill level 6 in Unarmed Combat
  3201 | D:4      | Found a white marble altar of Elyvilon.
  3201 | D:4      | Found a radiant altar of Vehumet.
  3470 | D:5      | Entered Level 5 of the Dungeon
  3646 | D:5      | Found a burning altar of Makhleb.
  3783 | D:5      | Reached **** piety under Trog
  3788 | D:5      | Reached skill level 5 in Armour
  3912 | D:5      | Reached XP level 8. HP: 48/51 MP: 8/8
  3929 | D:5      | Reached skill level 7 in Unarmed Combat
  4262 | D:6      | Noticed a hornet
  4282 | D:6      | Killed a hornet
  4621 | D:6      | Noticed Edmund
  4640 | D:6      | Killed Edmund
  4640 | D:6      | Reached skill level 8 in Unarmed Combat
  4686 | D:6      | Found a shadowy altar of Dithmenos.
  4693 | D:6      | Got a jewelled leather armour
  4715 | D:6      | Identified the +2 leather armour "Cuotir" {rC- MR- Str+10}
                  | (You found it on level 6 of the Dungeon)
  4983 | D:7      | Reached XP level 9. HP: 24/56 MP: 9/9
  5312 | D:7      | Found a staircase to the Ecumenical Temple.
  5971 | D:8      | Reached skill level 9 in Unarmed Combat
  6271 | D:8      | Noticed a two-headed ogre
  6281 | D:8      | Killed a two-headed ogre
  6371 | D:8      | Noticed Maurice
  6380 | D:8      | Killed Maurice
  6380 | D:8      | Reached skill level 10 in Unarmed Combat
  6405 | D:8      | Found a staircase to the Lair.
  6476 | D:8      | Reached ***** piety under Trog
  6476 | D:8      | Reached XP level 10. HP: 55/64 MP: 10/10
  6977 | D:9      | HP: 3/65 [orc warrior/battleaxe (7)]
  6980 | D:9      | Demolished by an orc warrior

Vault maps used:
D:1:      dpeg_arrival_houses_and_road, nemelex_xobeh_ov_fountains_minmay
D:2:      lemuel_round_altar, gammafunk_temple_overflow_pools,
          cheibriados_altar_1, evilmike_ruin_ashenzari, uniq_jessica, uniq_robin
D:3:      first_ration, uniq_natasha
D:4:      gammafunk_temple_overflow_wave, nicolae_ru_sacrificial_ziggurat
D:5:      bloody_makhleb
D:6:      grunt_dithmenos_smoke, uniq_edmund
D:7:      temple_doors_e
D:8:      lair_entry_dummy, uniq_maurice
D:9:      serial_shops, shop_fountains

Skill      XL: |  1  2  3  4  5  6  7  8  9 10 |
---------------+-------------------------------+-----
Unarmed Combat | 4 5 6 8 10 | 10.5
Armour         | 3 4 5 6 7 8 |  8.1
Fighting       | 4 5 6 8 |  8.5
Dodging        | |  1.5

Action                   |  1- 3 |  4- 6 |  7- 9 | 10-12 || total
-------------------------+-------+-------+-------+-------++-------
Melee: Unarmed           |   134 |   287 |   387 |    92 ||   900
       Punch             |     2 |     5 |     7 |     6 ||    20
Invok: Trog's Hand       |       |     1 |       |       ||     1
       Berserk           |       |     1 |     2 |     1 ||     4
Evoke: Wand              |       |       |     2 |       ||     2
  Use: Scroll            |     2 |     3 |    11 |       ||    16
  Eat: Chunk             |       |     9 |    11 |     2 ||    22
       Ration            |       |       |     1 |       ||     1
Armor: Animal skin       |    28 |       |       |       ||    28
       Ring mail         |    38 |   104 |       |       ||   142
       Scale mail        |       |    33 |    18 |       ||    51
       Chain mail        |       |       |   189 |    63 ||   252
Dodge: Dodged            |   105 |   163 |   125 |    36 ||   429

Table legend:
 A = Non-vault XP
 B = Vault XP
 C = Vault XP percentage of total XP
 D = Non-vault monster count
 E = Vault monster count
 F = Vault count percentage of total count
                 A         B        C        D         E       F
            +---------+---------+-------+---------+---------+-------
      Total |    4592 |     712 |  13.4 |     163 |      15 |   8.4
            +---------+---------+-------+---------+---------+-------
        D:1 |      38 |       0 |   0.0 |      18 |       0 |   0.0
        D:2 |     142 |     106 |  42.7 |      27 |      13 |  32.5
        D:3 |      91 |       0 |   0.0 |      28 |       0 |   0.0
        D:4 |     477 |       0 |   0.0 |      26 |       0 |   0.0
        D:5 |     602 |       0 |   0.0 |      21 |       0 |   0.0
        D:6 |     492 |     157 |  24.2 |       8 |       1 |  11.1
        D:7 |     504 |       0 |   0.0 |       8 |       0 |   0.0
        D:8 |    1864 |     449 |  19.4 |      12 |       1 |   7.7
        D:9 |     382 |       0 |   0.0 |      15 |       0 |   0.0
            +---------+---------+-------+---------+---------+-------
